 Dungeon Crawl Stone Soup version 0.32-a0-350-g4f4d228785 (webtiles) character file.

Game seed: 6130801491750266203

140 timneilson the Ruffian (level 5, -4/35 HPs)
             Began as an Octopode Shapeshifter on Feb 17, 2024.
             Slain by a sky beast (5 damage)
             ... on level 3 of the Dungeon.
             The game lasted 00:03:07 (2249 turns).

timneilson the Ruffian (Octopode Shapeshifter)      Turns: 2249, Time: 00:03:07

Health: -4/35      AC:  1    Str: 15    XL:     5   Next: 23%
Magic:  5/5        EV: 13    Int: 12    God:
Gold:   88         SH:  0    Dex: 12    Spells: 4/4 levels left

rFire   . .          .
                       - Unarmed
rCold   . . .        (no shield)
rNeg    . . .        (helmet currently unavailable)
rPois   .            (no amulet)
rElec   .            (no ring)
rCorr   .            (no ring)
SInv    .            (no ring)
Will    .....        (no ring)
Stlth   +++          (no ring)
HPRegen 0.25/turn    (no ring)
MPRegen 0.09/turn    (no ring)
                     (no ring)

%: no passive effects
@: beast-form
A: beast (slay +2), almost no armour, amphibious, 8 rings, camouflage 1,
gelatinous body 1, (nimble swimmer 1), tentacles
a: Begin Untransformation


You were on level 3 of the Dungeon.
You were a hulking beast.
You visited 1 branch of the dungeon, and saw 3 of its levels.

You collected 88 gold pieces.

Inventory:

Missiles
 e - 3 poisoned darts (quivered)
Jewellery
 h - a ring of positive energy
Talismans
 b - a beast talisman (active)
 c - a flux talisman
Scrolls
 i - a scroll of identify
 l - a scroll of blinking {unknown}
Potions
 a - 2 potions of lignification
 d - a potion of cancellation {unknown}
 f - 3 potions of heal wounds
 g - a potion of attraction {unknown}
 j - a potion of mutation {unknown}
 k - a potion of curing {unknown}


   Skills:
 * Level 2.3 Fighting
 * Level 3.0 Dodging
 + Level 2.0 Stealth
 * Level 3.7 Unarmed Combat
 * Level 3.6 Shapeshifting


You had 4 spell levels left.
You didn't know any spells.
Your spell library contained the following spells:

 Spells                   Type           Power      Damage    Failure   Level
 Apportation              Tloc           0%         N/A       32%         1
 Jinxbite                 Hex            0%         N/A       45%         2
 Alistair's Intoxication  Alch           0%         N/A       100%        5


Dungeon Overview and Level Annotations

Branches:
Dungeon (3/15)

Altars:


Innate Abilities, Weirdness & Mutations

You are a hulking beast.
Your limbs bulge with bestial killing power. (Slay +2)
You cannot wear most types of armour.
You are amphibious.
You can wear up to eight rings at the same time.
Your skin changes colour to match your surroundings (Stealth+).
Your rubbery body absorbs attacks. (AC +1, EV +1)
((You are camouflaged when in or above water. (Stealth+)))
You have tentacles for arms and can constrict up to eight enemies at once.


Message History

Found a stone staircase leading down.
Found 4 javelins.
Found a stone staircase leading up.
An adder and a sky beast come into view.
The helpless sky beast fails to defend itself.
You tentacle-slap the sky beast. You squeeze the sky beast.
The sky beast is moderately wounded.
The sky beast closely misses you.
You tentacle-slap the sky beast but do no damage.
Your tentacle-slap misses the sky beast.
The sky beast is moderately wounded.
The sky beast hits you. The sky beast shocks you.
You tentacle-slap the sky beast but do no damage.
The sky beast is moderately wounded.
The sky beast barely misses you.
You tentacle-slap the sky beast.
The sky beast is moderately wounded.
The sky beast flickers out of sight!
Deactivating autopickup; reactivate with Ctrl-A.
Something hits you. Something shocks you.
You miss something. Something hits you. Something shocks you.
You miss something. Something completely misses you.
You miss something.
A sky beast appears from thin air!
Reactivating autopickup.
The sky beast closely misses you.
You completely miss the sky beast.
The sky beast is moderately wounded.
The sky beast hits you.
* * * LOW HITPOINT WARNING * * *
The sky beast shocks you.
* * * LOW HITPOINT WARNING * * *
You tentacle-slap the sky beast. You squeeze the sky beast!
The sky beast is severely wounded.
The sky beast flickers out of sight!
Deactivating autopickup; reactivate with Ctrl-A.
Something barely misses you.
Unknown command.
You closely miss something. Something hits you.
* * * LOW HITPOINT WARNING * * *
Something shocks you.
You die...

###### #....###
#######.h{...#
........#.##.#
.S..###.#... ..##### ..
#.###.# #.....# #...#.#
#.....# .######.###.#
#.....# ......(..##.#
#.....## ##..........#
#.......
#...##.##.########.......


You could see an adder (asleep).

Vanquished Creatures
  Natasha (thrice) (D:2)
  An adder (D:2)
  2 ribbon worms (D:2)
  3 bats
  A giant cockroach (D:1)
  5 goblins
  2 hobgoblins
  A kobold (D:2)
  2 quokkas (D:2)
  7 ball pythons
  A frilled lizard (D:2)
  4 rats
32 creatures vanquished.

Notes
Turn   | Place    | Note
-------+----------+-------------------------------------------
     0 | D:1      | timneilson the Octopode Shapeshifter began the quest for
                  | the Orb.
     0 | D:1      | Reached XP level 1. HP: 13/13 MP: 1/1
    82 | D:1      | Reached XP level 2. HP: 18/18 MP: 2/2
   399 | D:1      | Reached skill level 1 in Stealth
   749 | D:1      | Reached XP level 3. HP: 23/23 MP: 3/3
  1175 | D:2      | Noticed Natasha
  1179 | D:2      | Killed Natasha
  1180 | D:2      | Reached XP level 4. HP: 12/29 MP: 4/4
  1599 | D:2      | Noticed Natasha
  1601 | D:2      | Killed Natasha
  2128 | D:2      | Noticed Natasha
  2140 | D:2      | Killed Natasha
  2141 | D:2      | Reached XP level 5. HP: 25/35 MP: 5/5
  2238 | D:3      | Noticed a sky beast
  2249 | D:3      | HP: 1/35 [something (2)]
  2249 | D:3      | Slain by a sky beast

Illustrated notes

Levels and vault maps discovered:
D:1:      spicycebolla_arrival_clurvy, layout_loops_corners
D:2:      layout_basic, uniq_natasha
D:3:      layout_basic, lemuel_tele_altar

Skill      XL: |  1  2  3  4 |
---------------+-------------+-----
Stealth        | 1 2 |  2.0
Fighting       | 2 |  2.3
Dodging        | 3 |  3.0
Unarmed Combat | |  3.7
Shapeshifting  | |  3.6

Action                     |  1- 3 |  4- 6 || total
---------------------------+-------+-------++-------
  Melee: Unarmed           |    25 |    55 ||    80
         Tentacles         |     2 |    11 ||    13
         Constrict         |     3 |     6 ||     9
         Punch             |     1 |     1 ||     2
    Use: Scroll            |     3 |     1 ||     4
   Stab: Sleeping          |     7 |     8 ||    15
 Armour: Skin              |     9 |    19 ||    28
  Dodge: Dodged            |    13 |    33 ||    46

Table legend: (Time is in decaauts)
 A = Elapsed time spent in this place.
 B = Non-inter-level travel time spent in this place.
 C = Inter-level travel time spent in this place.
 D = Time resting spent in this place.
 E = Time spent auto-exploring this place.
 F = Levels seen in this place.
 G = Mean time per level.
                   A        B        C        D        E       F      G
               +--------+--------+--------+--------+--------+-----+--------+
         Total |   2244 |   2128 |    116 |    126 |   1665 |   3 |  748.0 |
       Dungeon |   2244 |   2128 |    116 |    126 |   1665 |   3 |  748.0 |
               +--------+--------+--------+--------+--------+-----+--------+

Top non-repeatable levels by time:
     D:2: 1256 daAuts
     D:1: 948 daAuts
     D:3: 39 daAuts
